 Dungeon Crawl Stone Soup version 0.24.0-123-gd5b16e6ec5 (webtiles) character file.

Game seed: 5659881786631397907, levelgen mode: deterministic

13415 Bluestream the Protected (level 11, -13/160 HPs)
             Began as a Minotaur Berserker on Jan 31, 2020.
             Was a High Priest of Trog.
             Mangled by an enormous slime creature (76 damage)
             ... on level 12 of the Dungeon.
             The game lasted 00:23:16 (11367 turns).

Bluestream the Protected (Minotaur Berserker)      Turns: 11367, Time: 00:23:17

Health: -13/160    AC: 15    Str: 28    XL:     11   Next: 75%
Magic:  3/3        EV: 11    Int:  4    God:    Trog [*****.]
Gold:   768        SH:  0    Dex: 12    Spells: 10/10 levels left

rFire    . . .     SeeInvis .   S - +2 great mace (antimagic)
rCold    . . .     Gourm    +   (shield currently unavailable)
rNeg     . . .     Faith    .   L - +0 plate armour
rPois    .         Spirit   .   (helmet restricted)
rElec    .         Reflect  .   (no cloak)
rCorr    .         Harm     .   (no gloves)
MR       .....                  (no boots)
Stlth    ..........             M - amulet of the gourmand
HPRegen  0.36/turn              t - ring of flight
MPRegen  0.08/turn              B - ring of stealth

@: berserking (expiring), very quick
A: retaliatory headbutt, horns 2
a: Berserk, Trog's Hand, Brothers in Arms, Renounce Religion, Evoke Flight


You were on level 12 of the Dungeon.
You worshipped Trog.
Trog was extremely pleased with you.
You were not hungry.

You visited 1 branch of the dungeon, and saw 12 of its levels.

You collected 768 gold pieces.

Inventory:

Hand Weapons
 a - a +0 mace
 o - a +2 whip of electrocution
 R - a +0 morningstar
 S - a +2 antimagic great mace (weapon)
Armour
 b - a +0 animal skin
 p - a +0 chain mail
 x - a +0 chain mail
 L - a +0 plate armour (worn)
Jewellery
 t - a ring of flight (left hand)
 B - a ring of stealth (right hand)
 E - a -5 ring of evasion
 H - a +6 ring of dexterity {unknown}
 K - an uncursed ring of fire
 M - an amulet of the gourmand (around neck)
Wands
 u - a wand of random effects (44)
 w - a wand of flame (29)
 C - a wand of paralysis (14)
 D - a wand of iceblast (18)
 N - a wand of polymorph (11)
 Q - a wand of digging (9)
Scrolls
 f - 3 scrolls of remove curse
 g - 2 scrolls of noise
 h - 3 scrolls of teleportation
 j - 4 scrolls of magic mapping
 m - 3 scrolls of amnesia
 r - 5 scrolls of immolation
 y - 2 scrolls of silence
 F - a scroll of fear
 G - 2 scrolls of enchant armour
 J - a scroll of vulnerability {unknown}
 P - 2 scrolls of blinking
Potions
 d - 3 potions of heal wounds
 e - 3 potions of flight {unknown}
 i - 5 potions of curing
 k - 6 potions of lignification {unknown}
 l - a potion of agility {unknown}
 n - a potion of brilliance {unknown}
 q - a potion of resistance {unknown}
 s - a potion of ambrosia {unknown}
 v - a potion of might {unknown}
 z - 3 potions of haste {unknown}
 A - 3 potions of degeneration {unknown}
 O - a potion of magic {unknown}
Comestibles
 c - 11 rations


   Skills:
 * Level 13.0 Fighting
 - Level 12.0 Maces & Flails
 * Level 13.1 Armour
 * Level 6.0 Dodging
 + Level 0.7 Stealth


You had 10 spell levels left.
You didn't know any spells.
Your spell library was empty.

Dungeon Overview and Level Annotations

Branches:
Dungeon (12/15)            Temple (0/1) D:6            Lair (0/6) D:10
    Orc (0/2) D:11

Altars:
Hepliaklqana
Nemelex Xobeh
Okawaru
Sif Muna
Zin

Shops:
D:8 }   D:11 (

Annotations:
D:8 1 runed translucent door, tamionv's ghost, novice GrFi


Innate Abilities, Weirdness & Mutations

You reflexively headbutt those who attack you in melee.
You have a pair of horns on your head.


Message History

A red film seems to cover your vision as you go berserk!
You feel yourself moving faster!
You feel mighty!
You feel a lot more hungry.
You sock the very large slime creature!
You headbutt the very large slime creature!
The very large slime creature is moderately wounded.
The very large slime creature closely misses you.
You bludgeon the very large slime creature!!
The very large slime creature is heavily wounded.
The very large slime creature hits you!!!
You bludgeon the very large slime creature!!
The very large slime creature is heavily wounded.
Two slime creatures merge to form an enormous slime creature.
Your plate armour prevents you from hitting the enormous slime creature.
You headbutt the enormous slime creature!
The enormous slime creature is heavily wounded.
You thump the enormous slime creature!
You headbutt the enormous slime creature!
The enormous slime creature is heavily wounded.
The enormous slime creature hits you!!!!
You die...

.........##
.....J....
..........
.........#
......)..#
.........#
.........#
#####.# #.†@J.#
########.#####
#............#
#.....)......#
#........(......
#......).....###
#.....[......#
#............#
#............#


You could see an enormous slime creature.

Vanquished Creatures
  A two-headed ogre (D:11)
  Urug (D:11)
  Psyche (D:9)
  A gargoyle (D:12)
  A centaur skeleton (D:12)
  A komodo dragon (D:10)
  A troll (D:10)
  A hippogriff (D:12)
  2 wyverns
  A wraith (D:11)
  28 yaks
  3 vampire mosquitoes (D:12)
  A soldier ant (D:10)
  2 wargs (D:10)
  A water moccasin (D:10)
  6 orc warriors
  A black bear (D:9)
  2 ice beasts
  A sky beast (D:10)
  2 necrophages
  3 phantoms
  An eye of draining (D:11)
  2 ogres
  5 centaurs
  6 bullfrogs
  3 big kobolds
  A wyvern zombie (D:7)
  5 scorpions
  8 killer bees
  3 wights (D:12)
  A bullfrog zombie (D:12)
  2 centaur zombies
  4 crimson imps
  2 quasits
  8 hounds
  3 jellies
  9 orc priests
  7 orc wizards
  A bullfrog skeleton (D:7)
  3 iguanas
  Terence (D:2)
  3 worker ants
  A killer bee zombie (D:6)
  4 gnolls (D:7)
  2 worker ant zombies
  15 adders
  2 shadow imps
  3 adder zombies
  2 worms
  5 dart slugs
  6 leopard geckos
  20 orcs
  4 bats
  4 giant cockroaches
  6 goblins
  9 hobgoblins
  4 jackals (D:8)
  3 quokkas
  2 ball pythons
  10 frilled lizards
  18 kobolds
  A leopard gecko zombie (D:8)
  A quokka zombie (D:5)
  3 rats
264 creatures vanquished.

Vanquished Creatures (others)
  An orc wizard (D:10)
1 creature vanquished.

Grand Total: 265 creatures vanquished

Notes
Turn   | Place    | Note
-------+----------+-------------------------------------------
     0 | D:1      | Bluestream the Minotaur Berserker began the quest for the
                  | Orb.
     0 | D:1      | Reached XP level 1. HP: 19/19 MP: 0/0
   131 | D:1      | Reached XP level 2. HP: 18/27 MP: 1/1
   786 | D:2      | Found a faded altar of an unknown god.
   824 | D:2      | Reached XP level 3. HP: 18/33 MP: 2/2
   889 | D:2      | Reached ** piety under Trog
  1406 | D:2      | Reached XP level 4. HP: 41/41 MP: 3/3
  1507 | D:2      | Reached skill level 5 in Fighting
  1535 | D:2      | Reached skill level 5 in Maces & Flails
  1702 | D:2      | Noticed Terence
  1710 | D:2      | Killed Terence
  1921 | D:3      | Reached XP level 5. HP: 37/48 MP: 4/4
  2870 | D:4      | Reached *** piety under Trog
  3029 | D:4      | Reached XP level 6. HP: 40/57 MP: 5/5
  3219 | D:4      | Found a hazy altar of Hepliaklqana.
  3567 | D:5      | Entered Level 5 of the Dungeon
  4167 | D:6      | Found a staircase to the Ecumenical Temple.
  4171 | D:6      | Reached XP level 7. HP: 63/64 MP: 6/6
  4279 | D:6      | Found an iron altar of Okawaru.
  4456 | D:6      | Reached skill level 5 in Armour
  4824 | D:7      | Reached XP level 8. HP: 73/73 MP: 7/7
  5603 | D:7      | Identified the cursed +0 robe of Dishonour {rF+}
  5616 | D:7      | Reached **** piety under Trog
  5864 | D:8      | Reached XP level 9. HP: 82/82 MP: 8/8
  5890 | D:8      | Found a runed translucent door.
  5890 | D:8      | Noticed tamionv's ghost (novice GrFi)
  5896 | D:8      | Reached skill level 10 in Maces & Flails
  5901 | D:8      | Found Lizacw's Gadget Emporium.
  5962 | D:8      | Found a shimmering blue altar of Sif Muna.
  6044 | D:8      | Found a sparkling altar of Nemelex Xobeh.
  6348 | D:9      | Noticed Psyche
  6355 | D:9      | Killed Psyche
  6362 | D:9      | Reached skill level 10 in Fighting
  6825 | D:9      | Reached XP level 10. HP: 93/94 MP: 9/9
  7482 | D:9      | Found a glowing silver altar of Zin.
  7482 | D:9      | Noticed an angel
  7907 | D:10     | Entered Level 10 of the Dungeon
  8055 | D:10     | Reached ***** piety under Trog
  8215 | D:10     | Found a staircase to the Lair.
  8645 | D:10     | Reached skill level 10 in Armour
  9126 | D:11     | Found a staircase to the Orcish Mines.
  9164 | D:11     | Reached skill level 5 in Dodging
  9269 | D:11     | Noticed Urug
  9270 | D:11     | Noticed a two-headed ogre
  9285 | D:11     | Killed a two-headed ogre
  9285 | D:11     | Reached XP level 11. HP: 89/104 MP: 10/10
  9303 | D:11     | Killed Urug
  9657 | D:11     | Found Xaakkaq's Antique Weapon Shoppe.
 10779 | D:12     | Received a gift from Trog
 11367 | D:12     | Mangled by an enormous slime creature

Levels and vault maps discovered:
D:1:      psy_arrival_conway, layout_loops_cross, serial_bayou_lake_a
D:2:      layout_loops_ring, chequers_ecumenical_altar_island, st_stairs_3,
          small_statue_intersection, uniq_terence
D:3:      layout_basic, minmay_starry_boxes
D:4:      layout_loops_ring, nicolae_overflow_hidden_temple, first_ration
D:5:      layout_loops_ring
D:6:      layout_rooms, minmay_temple_entry_wispy, kennysheep_okawaru_gauntlet
D:7:      layout_basic
D:8:      layout_rooms, nemelex_xobeh_ov_fountains_minmay, led_sif_book,
          serial_shops, nicolae_shop_stone, hellmonk_ghost_happy_afterlife
D:9:      layout_layer_cave, zin_angel, uniq_psyche
D:10:     layout_loops_cross, erik_lair_orcish_takeover
D:11:     layout_layer_cave, orc_0_dummy, serial_glass, glass_columns_c,
          glass_columns_a, serial_shops, kennysheep_mini_moat, uniq_urug
D:12:     layout_roguey

Skill      XL: |  1  2  3  4  5  6  7  8  9 10 11 |
---------------+----------------------------------+-----
Maces & Flails | 4 5 6 8 9 11 12 | 12.0
Fighting       | 4 5 6 7 8 10 11 13 | 13.0
Armour         | 4 5 6 8 11 13 | 13.1
Dodging        | 3 5 6 |  6.0
Stealth        | |  0.7

Action                   |  1- 3 |  4- 6 |  7- 9 | 10-12 || total
-------------------------+-------+-------+-------+-------++-------
Melee: Mace              |    74 |   101 |       |       ||   175
       Headbutt          |     9 |    25 |    47 |   112 ||   193
       Whip              |       |    26 |   206 |   250 ||   482
       Morningstar       |       |       |       |   143 ||   143
       Great mace        |       |       |       |    22 ||    22
Invok: Berserk           |       |     1 |     3 |     5 ||     9
  Use: Scroll            |       |     7 |     6 |     4 ||    17
       Potion            |       |       |       |     1 ||     1
 Stab: Sleeping          |       |     1 |       |       ||     1
  Eat: Chunk             |     1 |     3 |    11 |    19 ||    34
       Ration            |       |     2 |       |     1 ||     3
Armor: Animal skin       |    11 |     3 |       |       ||    14
       Chain mail        |       |    51 |    80 |       ||   131
       Plate armour      |       |       |    15 |   179 ||   194
Dodge: Dodged            |    40 |    56 |    93 |   132 ||   321
